 Dungeon Crawl Stone Soup version 0.25-a0-589-g1e14c549ee (webtiles) character file.

Game seed: 12040068690941915643, levelgen mode: deterministic

471 n0claF the Poker (level 6, -1/49 HPs)
             Began as a Demonspawn Gladiator on Mar 12, 2020.
             Was an Initiate of Qazlal.
             Slain by an orc wizard
             ... wielding a +2 dagger of draining
              (2 damage)
             ... in the Ecumenical Temple.
             The game lasted 00:09:52 (3456 turns).

n0claF the Poker (Demonspawn Gladiator)             Turns: 3456, Time: 00:09:53

Health: -1/49      AC:  7    Str: 16    XL:     6   Next: 83%
Magic:  6/6        EV: 11    Int: 10    God:    Qazlal [......]
Gold:   120        SH:  0    Dex: 14    Spells: 5/5 levels left

rFire    . . .     SeeInvis .   m - +1 halberd
rCold    . . .     Gourm    .   (shield currently unavailable)
rNeg     . . .     Faith    .   b - +0 leather armour
rPois    .         Spirit   .   c - +1 helmet
rElec    .         Reflect  .   (no cloak)
rCorr    .         Harm     .   (no gloves)
MR       .....                  (no boots)
Stlth    ++........             (no amulet)
HPRegen  0.16/turn              (no ring)
MPRegen  0.10/turn              (no ring)

@: very heavily drained
A: hooves 1, yellow scales 1, nightstalker 1
a: Renounce Religion


You were in the Ecumenical Temple.
You worshipped Qazlal.
Qazlal was noncommittal.
You were not hungry.

You visited 2 branches of the dungeon, and saw 5 of its levels.

You collected 120 gold pieces.

Inventory:

Hand Weapons
 m - a +1 halberd (weapon)
   (You took it off a gnoll on level 3 of the Dungeon)
Missiles
 d - 3 throwing nets (quivered) {!f}
Armour
 b - a +0 leather armour (worn)
 c - a +1 helmet (worn)
 p - a +0 pair of boots
   (You found it on level 3 of the Dungeon)
Scrolls
 f - 6 scrolls of teleportation {@r4}
 h - 5 scrolls of identify {@r1}
 n - 2 scrolls of enchant weapon
Potions
 g - a potion of brilliance {unknown}
 j - 2 potions of haste {@q3}
 k - 2 potions of lignification {unknown}
 l - a potion of degeneration {unknown}
Comestibles
 e - 6 rations {!d}


   Skills:
 + Level 4.5(0.0) Fighting
 * Level 6.0(1.1) Polearms
 - Level 1.7(0.0) Throwing
 - Level 2.6(0.0) Dodging


You had 5 spell levels left.
You didn't know any spells.
Your spell library was empty.

Dungeon Overview and Level Annotations

Branches:
Dungeon (4/15)             Temple (1/1) D:4

Altars:
Ashenzari
Fedhas
Qazlal
Trog
Uskayaw
Vehumet
Xom
Yredelemnul
Zin
The Shining One

Annotations:
D:4 Ijyb


Innate Abilities, Weirdness & Mutations

You have large cloven feet.
You are partially covered in yellow scales. (AC +2)
You are slightly more attuned to the shadows.


Message History

You are confused.
You completely miss something. Your kick misses something. Something hits you.
You feel drained.
You miss something. Something hits you.
* * * LOW HITPOINT WARNING * * *
You feel drained. Something hits you.
* * * LOW HITPOINT WARNING * * *
You feel drained. Something hits you.
* * * LOW HITPOINT WARNING * * *
You feel drained.
* * * LOW HITPOINT WARNING * * *
Something hits you but does no damage.
You feel drained.
You miss something.
You feel less confused. Something hits you.
* * * LOW HITPOINT WARNING * * *
You feel drained.
* * * LOW HITPOINT WARNING * * *
You barely miss something.
An orc wizard appears from thin air!
Reactivating autopickup.
The orc wizard closely misses you. The orc wizard barely misses you.
You closely miss the orc wizard.
You kick the orc wizard, but do no damage.
The orc wizard barely misses you.
You hit the orc wizard. Your kick misses the orc wizard.
The orc wizard hits you with a +2 dagger of draining.
* * * LOW HITPOINT WARNING * * *
You feel drained.
You slash the orc wizard!
You kick the orc wizard, but do no damage.
The orc wizard hits you but does no damage.
You feel drained.
The orc wizard hits you but does no damage.
You feel drained.
You miss the orc wizard.
The orc wizard hits you with a +2 dagger of draining.
* * * LOW HITPOINT WARNING * * *
You feel drained.
* * * LOW HITPOINT WARNING * * *
You closely miss the orc wizard. Your kick misses the orc wizard.
The orc wizard casts a spell at you. The puff of flame hits you.
* * * LOW HITPOINT WARNING * * *
The orc wizard hits you with a +2 dagger of draining.
You die...

#####################
≈≈≈≈≈≈≈≈≈≈≈≈≈≈≈≈≈≈≈≈≈≈≈
≈≈≈....................
.......................
...............8.......
_......................
......._...............
................@......
................o......
..._...........<.......
.......................
.......................
......._...............
_......................
..............._.......
......................


You could see an orc wizard.

Vanquished Creatures
  A phantom (Temple)
  2 hounds (D:4)
  2 orc wizards (D:4)
  2 worker ants
  7 gnolls
  7 adders
  An ooze (D:2)
  2 worms (D:3)
  2 dart slugs (D:1)
  2 leopard geckos (D:1)
  3 orcs (D:4)
  5 giant cockroaches
  6 goblins
  5 hobgoblins
  A quokka (D:2)
  A ball python (D:3)
  14 bats
  4 frilled lizards
  8 kobolds
  9 rats
  A bush (D:1)
85 creatures vanquished.

Notes
Turn   | Place    | Note
-------+----------+-------------------------------------------
     0 | D:1      | n0claF the Demonspawn Gladiator began the quest for the
                  | Orb.
     0 | D:1      | Reached XP level 1. HP: 16/16 MP: 1/1
   155 | D:1      | Reached skill level 3 in Polearms
   155 | D:1      | Gained mutation: You are slightly more attuned to the
                  | shadows. [demonic ancestry]
   155 | D:1      | Reached XP level 2. HP: 22/22 MP: 2/2
   661 | D:1      | Reached XP level 3. HP: 28/28 MP: 3/3
  1459 | D:2      | Reached skill level 4 in Polearms
  1459 | D:2      | Gained mutation: You are partially covered in yellow
                  | scales. (AC +2) [demonic ancestry]
  1459 | D:2      | Reached XP level 4. HP: 32/34 MP: 4/4
  1566 | D:2      | Found a bloodstained altar of Trog.
  1568 | D:2      | Found a glowing golden altar of the Shining One.
  2047 | D:3      | Found a radiant altar of Vehumet.
  2390 | D:3      | Reached XP level 5. HP: 41/41 MP: 5/5
  3036 | D:4      | Reached skill level 5 in Polearms
  3073 | D:4      | Gained mutation: You have large cloven feet. [demonic
                  | ancestry]
  3073 | D:4      | Reached XP level 6. HP: 32/48 MP: 6/6
  3342 | D:4      | Noticed Ijyb
  3367 | D:4      | Found a staircase to the Ecumenical Temple.
  3379 | Temple   | Entered the Ecumenical Temple
  3415 | Temple   | Became a worshipper of Qazlal Stormbringer
  3443 | Temple   | Reached skill level 6 in Polearms
  3456 | Temple   | HP: 1/49 [orc wizard/puff of flame (5)]
  3456 | Temple   | Slain by an orc wizard

Levels and vault maps discovered:
D:1:      minmay_arrival_three_doors, layout_basic, serial_forest,
          infiniplex_forest_clump_long, infiniplex_forest_side_room,
          infiniplex_forest_clump_long, infiniplex_forest_clump_large,
          infiniplex_forest_clump_diagonal
D:2:      layout_loops_ring, grunt_temple_overflow_open
D:3:      layout_loops_ring, lemuel_crystal_altar
D:4:      layout_loops_ring, grunt_temple_overflow_opulence,
          kennysheep_mini_moat, minmay_temple_entry_glass, portal_sewer_entry_b,
          solitary_fountain, grunt_qazlal_clouds, uniq_ijyb, uniq_edmund
Temple:   dshaligram_water_room_temple

Skill      XL: |  1  2  3  4  5  6 |
---------------+-------------------+-----
Polearms       | 3 4 5 6 |  6.0
Fighting       | 3 4 |  4.5
Throwing       | |  1.7
Dodging        | |  2.6

Action                   |  1- 3 |  4- 6 || total
-------------------------+-------+-------++-------
Melee: Trident           |   166 |   105 ||   271
       Halberd           |       |   110 ||   110
       Kick              |       |     7 ||     7
  Use: Scroll            |       |     7 ||     7
 Stab: Sleeping          |     3 |    17 ||    20
  Eat: Chunk             |     1 |     6 ||     7
       Ration            |       |     1 ||     1
Armor: Leather armour    |    11 |    63 ||    74
Dodge: Dodged            |    39 |   136 ||   175

Table legend:
 A = Non-vault XP
 B = Vault XP
 C = Vault XP percentage of total XP
 D = Non-vault monster count
 E = Vault monster count
 F = Vault count percentage of total count
                 A         B        C        D         E       F
            +---------+---------+-------+---------+---------+-------
      Total |     673 |       0 |   0.0 |      84 |       0 |   0.0
            +---------+---------+-------+---------+---------+-------
        D:1 |      42 |       0 |   0.0 |      23 |       0 |   0.0
        D:2 |     114 |       0 |   0.0 |      24 |       0 |   0.0
        D:3 |     130 |       0 |   0.0 |      25 |       0 |   0.0
        D:4 |     226 |       0 |   0.0 |      10 |       0 |   0.0
     Temple |     161 |       0 |   0.0 |       2 |       0 |   0.0
            +---------+---------+-------+---------+---------+-------
